| TOP OF THE 1ST |
|
Beloit Snappers batting - Pitching for Lexington Legends : RHP Billy Emerson
|
|
Pitching: RHP Billy Emerson
|
|
|
Batting: RHB Manny Moron
|
0-0: Swinging Strike 0-1: Called Strike 0-2: Ball 1-2: Strikes out swinging
|
|
Batting: LHB Oscar Curiel
|
0-0: Called Strike 0-1: Foul Ball, location: 2F 0-2: Ball 1-2: Strikes out swinging
|
|
Batting: RHB Rafael Alarcon
|
0-0: Called Strike 0-1: Ball 1-1: Ball 2-1: Swinging Strike 2-2: Ball 3-2: Strikes out looking
|
| Top of the 1st over - 0 runs, 0 hits, 0 errors, 0 left on base; Beloit 0 - Lexington 0 |
| BOTTOM OF THE 1ST |
|
Lexington Legends batting - Pitching for Beloit Snappers : RHP Dave Magana
|
|
Pitching: RHP Dave Magana
|
|
|
Batting: SHB Glenn Harrison
|
0-0: Foul Ball, location: 2F 0-1: Ball 1-1: Bunted foul 1-2: Ball 2-2: Ball 3-2: Strikes out swinging
|
|
Batting: LHB Mike Bhatti
|
0-0: Ball 1-0: Ball 2-0: Ball 3-0: Base on Balls
|
|
Batting: LHB Edgar Ortiz
|
0-0: Ball 1-0: Called Strike 1-1: Swinging Strike 1-2: Foul Ball, location: 2F 1-2: Ball 2-2: Foul Ball, location: 2F 2-2: Fly out, F7 (Flyball, 7S, EV 78.1 MPH)
|
|
Batting: RHB Hugo Chavez
|
0-0: Foul Ball, location: 2F 0-1: Swinging Strike 0-2: Fly out, F7 (Flyball, 78S, EV 73.1 MPH)
|
| Bottom of the 1st over - 0 runs, 0 hits, 0 errors, 1 left on base; Beloit 0 - Lexington 0 |
| TOP OF THE 2ND |
|
Beloit Snappers batting - Pitching for Lexington Legends : RHP Billy Emerson
|
|
Batting: RHB Chris Temple
|
0-0: Ball 1-0: Ground out 5-3 (Groundball, 56S, EV 90.6 MPH)
|
|
Batting: RHB Walt Alaniz
|
0-0: Ball 1-0: Swinging Strike 1-1: Foul Ball, location: 2F 1-2: Ground out 6-3 (Groundball, 6S, EV 80.6 MPH)
|
|
Batting: RHB Shannon Beck
|
0-0: Ball 1-0: SINGLE (Groundball, 56D, EV 103.1 MPH)
|
|
Batting: RHB Mike Gangi
|
0-0: Swinging Strike 0-1: Ball 1-1: Swinging Strike 1-2: Ball 2-2: SINGLE (Groundball, 34D, EV 102.5 MPH) Shannon Beck to second Runner from 2nd tries for 3rd, SAFE, throw by RF made at trailing runner, OUT! 9-6
|
| Top of the 2nd over - 0 runs, 2 hits, 0 errors, 1 left on base; Beloit 0 - Lexington 0 |
| BOTTOM OF THE 2ND |
|
Lexington Legends batting - Pitching for Beloit Snappers : RHP Dave Magana
|
|
Batting: LHB Danny Pacheco
|
0-0: Called Strike 0-1: Foul Ball, location: 2F 0-2: Foul Ball, location: 2F 0-2: Ball 1-2: Ground out 6-3 (Groundball, 6M, EV 106.2 MPH)
|
|
Batting: RHB Jonas Fernandez
|
0-0: Ball 1-0: Foul Ball, location: 2F 1-1: Called Strike 1-2: Strikes out swinging
|
|
Pinch Hitting: RHB Chance Argy
|
0-0: Ball 1-0: Swinging Strike 1-1: Ground out 6-3 (Groundball, 15, EV 85.0 MPH)
|
| Bottom of the 2nd over - 0 runs, 0 hits, 0 errors, 0 left on base; Beloit 0 - Lexington 0 |
| TOP OF THE 3RD |
|
Beloit Snappers batting - Pitching for Lexington Legends : RHP Billy Emerson
|
|
Now in RF: Alex Cavazos
|
|
|
Batting: RHB Moses Brokken
|
0-0: Foul Ball, location: 2F 0-1: Called Strike 0-2: Ball 1-2: Ball 2-2: Strikes out swinging
|
|
Batting: RHB Tim Anderson
|
0-0: Ball 1-0: Swinging Strike 1-1: Ball 2-1: Called Strike 2-2: Ball 3-2: TRIPLE (Groundball, 5L, EV 94.4 MPH)
|
|
Batting: RHB Manny Moron
|
0-0: Ball 1-0: Ball 2-0: SINGLE (Groundball, 6S, EV 71.9 MPH) (infield hit) Tim Anderson scores
|
|
Batting: LHB Oscar Curiel
|
0-0: Ball 1-0: Called Strike Manny Moron steals 2nd base 1-1: SINGLE (Line Drive, 6M, EV 106.2 MPH) Manny Moron to third
|
|
Batting: RHB Rafael Alarcon
|
0-0: Foul Ball, location: 2F 0-1: Called Strike 0-2: Ball 1-2: Foul Ball, location: 2F 1-2: Grounds into double play, U4-3 (Groundball, 6MD, EV 85.0 MPH)
|
| Top of the 3rd over - 1 run, 3 hits, 0 errors, 1 left on base; Beloit 1 - Lexington 0 |
| BOTTOM OF THE 3RD |
|
Lexington Legends batting - Pitching for Beloit Snappers : RHP Dave Magana
|
|
Batting: RHB Trevor Kingston
|
0-0: SINGLE (Flyball, 78M, EV 97.5 MPH)
|
|
Batting: RHB Adam Krieger
|
0-0: Ball 1-0: Foul Ball, location: 2F 1-1: Ball Trevor Kingston steals 2nd base 2-1: Ball 3-1: Foul Ball, location: 2F 3-2: Base on Balls
|
|
Batting: SHB Glenn Harrison
|
0-0: Fly out, F9 (Line Drive, 9, EV 105.0 MPH)
|
|
Batting: LHB Mike Bhatti
|
0-0: Foul Ball, location: 2F 0-1: Foul Ball, location: 2F 0-2: Foul Ball, location: 2F 0-2: Foul Ball, location: 2F 0-2: Foul Ball, location: 2F 0-2: Ball 1-2: Foul Ball, location: 2F 1-2: Foul Ball, location: 2F 1-2: Ball Wild Pitch! Trevor Kingston to third Adam Krieger to second 2-2: SINGLE (Groundball, 6MD, EV 93.8 MPH) Trevor Kingston scores Adam Krieger to third Runner from 3rd tries for Home, SAFE, throw by CF to home
|
|
Batting: LHB Edgar Ortiz
|
0-0: Called Strike 0-1: Ball 1-1: Fielders Choice at 2nd, 6-4 (Groundball, 6D, EV 87.5 MPH)
|
|
Batting: RHB Hugo Chavez
|
0-0: Ball 1-0: Fielders Choice at 2nd, 6-4 (Groundball, 6, EV 81.9 MPH)
|
| Bottom of the 3rd over - 2 runs, 2 hits, 0 errors, 1 left on base; Beloit 1 - Lexington 2 |
| TOP OF THE 4TH |
|
Beloit Snappers batting - Pitching for Lexington Legends : RHP Billy Emerson
|
|
Batting: RHB Chris Temple
|
0-0: Ball 1-0: DOUBLE (Line Drive, 9LM, EV 101.9 MPH)
|
|
Batting: RHB Walt Alaniz
|
0-0: Called Strike 0-1: Ball 1-1: Ball 2-1: Swinging Strike 2-2: Strikes out swinging
|
|
Batting: RHB Shannon Beck
|
0-0: Ball 1-0: Ball 2-0: DOUBLE (Line Drive, 89M, EV 91.2 MPH) Chris Temple scores
|
|
Batting: RHB Mike Gangi
|
0-0: Ball 1-0: Ball 2-0: Ball 3-0: Base on Balls
|
|
Pitching: RHP Mike Galvin
|
|
|
Batting: RHB Moses Brokken
|
0-0: Called Strike 0-1: Swinging Strike 0-2: Strikes out looking
|
|
Pinch Hitting: LHB Alejandro Muniz
|
0-0: Ball 1-0: Swinging Strike 1-1: Ground out 4-3 (Groundball, 4S, EV 85.0 MPH)
|
| Top of the 4th over - 1 run, 2 hits, 0 errors, 2 left on base; Beloit 2 - Lexington 2 |
| BOTTOM OF THE 4TH |
|
Lexington Legends batting - Pitching for Beloit Snappers : RHP Dave Magana
|
|
Now at SS: Emiel Schlepers
|
|
|
Batting: LHB Danny Pacheco
|
0-0: Ground out 4-3 (Groundball, 4S, EV 66.2 MPH)
|
|
Batting: RHB Jonas Fernandez
|
0-0: Ball 1-0: Ball 2-0: Called Strike 2-1: SINGLE (Line Drive, 6D, EV 99.4 MPH)
|
|
Batting: SHB Alex Cavazos
|
0-0: Ball 1-0: Ball 2-0: Grounds into double play, 5-4-3 (Groundball, 56S, EV 85.6 MPH)
|
| Bottom of the 4th over - 0 runs, 1 hit, 0 errors, 0 left on base; Beloit 2 - Lexington 2 |
| TOP OF THE 5TH |
|
Beloit Snappers batting - Pitching for Lexington Legends : RHP Mike Galvin
|
|
Batting: RHB Manny Moron
|
0-0: DOUBLE (Flyball, 8RXD, EV 103.1 MPH)
|
|
Batting: LHB Oscar Curiel
|
0-0: Called Strike 0-1: Ball 1-1: Ball 2-1: Ball 3-1: Base on Balls
|
|
Batting: RHB Rafael Alarcon
|
0-0: Called Strike 0-1: Ball Wild Pitch! Manny Moron to third Oscar Curiel to second 1-1: Ball 2-1: Ball 3-1: Base on Balls
|
|
Batting: RHB Chris Temple
|
0-0: Grounds into double play, 4-6-3 (Groundball, 34D, EV 107.5 MPH) Manny Moron scores Oscar Curiel to third
|
|
Batting: RHB Walt Alaniz
|
0-0: Called Strike 0-1: Ball 1-1: Ball 2-1: Ball 3-1: Base on Balls
|
|
Batting: RHB Shannon Beck
|
0-0: Ball 1-0: Ball 2-0: Called Strike 2-1: Foul Ball, location: 2F 2-2: SINGLE (Groundball, 6MD, EV 96.2 MPH) Oscar Curiel scores Walt Alaniz to second Runner from 2nd tries for 3rd, SAFE, throw by CF made to third
|
|
Batting: RHB Mike Gangi
|
0-0: Ball 1-0: Called Strike 1-1: Ball 2-1: Ball 3-1: Base on Balls Shannon Beck to second
|
|
Batting: RHB Moses Brokken
|
0-0: Ball 1-0: Ball 2-0: Ball 3-0: Base on Balls Walt Alaniz scores Shannon Beck to third Mike Gangi to second
|
|
Pitching: RHP Kevin Fleming
|
|
|
Batting: RHB Emiel Schlepers
|
0-0: Ball 1-0: Ball 2-0: Ground out 4-3 (Groundball, 4, EV 83.1 MPH)
|
| Top of the 5th over - 3 runs, 2 hits, 0 errors, 3 left on base; Beloit 5 - Lexington 2 |
| BOTTOM OF THE 5TH |
|
Lexington Legends batting - Pitching for Beloit Snappers : RHP Dave Magana
|
|
Batting: RHB Trevor Kingston
|
0-0: Ball 1-0: Ball 2-0: Ball 3-0: Called Strike 3-1: Base on Balls
|
|
Batting: RHB Adam Krieger
|
0-0: Ball Trevor Kingston is caught stealing 2nd base 2-4 1-0: Called Strike 1-1: Swinging Strike 1-2: Ball 2-2: Strikes out swinging
|
|
Batting: SHB Glenn Harrison
|
0-0: Called Strike 0-1: Called Strike 0-2: Ball 1-2: Foul Ball, location: 2F 1-2: SINGLE (Line Drive, 3D, EV 93.8 MPH)
|
|
Batting: LHB Mike Bhatti
|
0-0: Ball Glenn Harrison is caught stealing 2nd base 2-6
|
| Bottom of the 5th over - 0 runs, 1 hit, 0 errors, 0 left on base; Beloit 5 - Lexington 2 |
| TOP OF THE 6TH |
|
Beloit Snappers batting - Pitching for Lexington Legends : RHP Kevin Fleming
|
|
Batting: RHB Manny Moron
|
0-0: Ball 1-0: Foul Ball, location: 2F 1-1: Fly out, F4 (Line Drive, 4, EV 61.2 MPH)
|
|
Batting: LHB Oscar Curiel
|
0-0: Foul Ball, location: 2F 0-1: Foul Ball, location: 2F 0-2: Ball 1-2: Ball 2-2: Ball 3-2: Ground out 4-3 (Groundball, 4, EV 109.4 MPH)
|
|
Batting: RHB Rafael Alarcon
|
0-0: Ball 1-0: SINGLE (Line Drive, 78M, EV 89.4 MPH)
|
|
Batting: RHB Chris Temple
|
0-0: Ball 1-0: Ball 2-0: Ball 3-0: Base on Balls Rafael Alarcon to second
|
|
Batting: RHB Walt Alaniz
|
0-0: Called Strike 0-1: Ball 1-1: Called Strike 1-2: Foul Ball, location: 2F 1-2: Strikes out looking
|
| Top of the 6th over - 0 runs, 1 hit, 0 errors, 2 left on base; Beloit 5 - Lexington 2 |
| BOTTOM OF THE 6TH |
|
Lexington Legends batting - Pitching for Beloit Snappers : RHP Dave Magana
|
|
Batting: LHB Mike Bhatti
|
0-0: Called Strike 0-1: Ball 1-1: Called Strike 1-2: Strikes out swinging
|
|
Batting: LHB Edgar Ortiz
|
0-0: Called Strike 0-1: Called Strike 0-2: Reached on error, E3 (Groundball, 34, EV 97.5 MPH)
|
|
Batting: RHB Hugo Chavez
|
0-0: Called Strike 0-1: Swinging Strike 0-2: Strikes out swinging
|
|
Batting: LHB Danny Pacheco
|
0-0: Foul Ball, location: 2F 0-1: Ground out 4-3 (Groundball, 34, EV 108.1 MPH)
|
| Bottom of the 6th over - 0 runs, 0 hits, 1 error, 1 left on base; Beloit 5 - Lexington 2 |
| TOP OF THE 7TH |
|
Beloit Snappers batting - Pitching for Lexington Legends : RHP Kevin Fleming
|
|
Pitching: RHP Jordan Viveros
|
|
|
Batting: RHB Shannon Beck
|
0-0: Ball 1-0: SINGLE (Flyball, 7LS, EV 90.0 MPH)
|
|
Batting: RHB Mike Gangi
|
0-0: Sac Bunt to 3S - play at first, batter OUT! 3-1 Shannon Beck to second
|
|
Batting: RHB Moses Brokken
|
0-0: Swinging Strike 0-1: Called Strike 0-2: Strikes out looking
|
|
Batting: RHB Emiel Schlepers
|
0-0: Ground out 5-3 (Groundball, 5, EV 102.5 MPH)
|
| Top of the 7th over - 0 runs, 1 hit, 0 errors, 1 left on base; Beloit 5 - Lexington 2 |
| BOTTOM OF THE 7TH |
|
Lexington Legends batting - Pitching for Beloit Snappers : RHP Dave Magana
|
|
Batting: RHB Jonas Fernandez
|
0-0: Foul Ball, location: 2F 0-1: Ball 1-1: SINGLE (Groundball, 6MD, EV 104.4 MPH)
|
|
Batting: SHB Alex Cavazos
|
0-0: Called Strike 0-1: Grounds into double play, 6-4-3 (Groundball, 6M, EV 87.5 MPH)
|
|
Batting: RHB Trevor Kingston
|
0-0: Called Strike 0-1: Ball 1-1: Called Strike 1-2: SINGLE (Line Drive, 6M, EV 101.2 MPH)
|
|
Pitching: RHP Kyle Rasor
|
|
|
Batting: RHB Adam Krieger
|
0-0: Swinging Strike 0-1: Ball 1-1: Called Strike 1-2: Strikes out swinging
|
| Bottom of the 7th over - 0 runs, 2 hits, 0 errors, 1 left on base; Beloit 5 - Lexington 2 |
| TOP OF THE 8TH |
|
Beloit Snappers batting - Pitching for Lexington Legends : RHP Jordan Viveros
|
|
Batting: RHB Manny Moron
|
0-0: Called Strike 0-1: Foul Ball, location: 2F 0-2: Foul Ball, location: 2F 0-2: Strikes out swinging
|
|
Batting: LHB Oscar Curiel
|
0-0: Ball 1-0: Foul Ball, location: 2F 1-1: Ball 2-1: Swinging Strike 2-2: Strikes out swinging
|
|
Batting: RHB Rafael Alarcon
|
0-0: Foul Ball, location: 2F 0-1: Ball 1-1: Foul Ball, location: 2F 1-2: Strikes out looking
|
| Top of the 8th over - 0 runs, 0 hits, 0 errors, 0 left on base; Beloit 5 - Lexington 2 |
| BOTTOM OF THE 8TH |
|
Lexington Legends batting - Pitching for Beloit Snappers : RHP Kyle Rasor
|
|
Batting: SHB Glenn Harrison
|
0-0: Called Strike 0-1: Swinging Strike 0-2: Ball 1-2: Foul Ball, location: 2F 1-2: Strikes out swinging
|
|
Batting: LHB Mike Bhatti
|
0-0: Ball 1-0: Called Strike 1-1: Ball 2-1: Foul Ball, location: 2F 2-2: Ball 3-2: Base on Balls
|
|
Batting: LHB Edgar Ortiz
|
0-0: Ball 1-0: Called Strike 1-1: Ball 2-1: Ball 3-1: Base on Balls Mike Bhatti to second
|
|
Batting: RHB Hugo Chavez
|
0-0: Swinging Strike 0-1: Called Strike 0-2: Foul Ball, location: 2F 0-2: Ball Wild Pitch! Mike Bhatti to third Edgar Ortiz to second 1-2: Ball 2-2: Strikes out swinging
|
|
Batting: LHB Danny Pacheco
|
0-0: Called Strike 0-1: DOUBLE (Line Drive, 9D, EV 93.8 MPH) Mike Bhatti scores Edgar Ortiz scores
|
|
Batting: RHB Jonas Fernandez
|
0-0: Foul Ball, location: 2F 0-1: Ball 1-1: Swinging Strike 1-2: Strikes out swinging
|
| Bottom of the 8th over - 2 runs, 1 hit, 0 errors, 1 left on base; Beloit 5 - Lexington 4 |
| TOP OF THE 9TH |
|
Beloit Snappers batting - Pitching for Lexington Legends : RHP Jordan Viveros
|
|
Pitching: RHP Oscar Cisneros
|
|
|
Batting: RHB Chris Temple
|
0-0: Called Strike 0-1: Ball 1-1: Ground out 5-3 (Groundball, 5L, EV 103.1 MPH)
|
|
Batting: RHB Walt Alaniz
|
0-0: Ground out 4-3 (Groundball, 4, EV 101.9 MPH)
|
|
Batting: RHB Shannon Beck
|
0-0: Called Strike 0-1: Ball 1-1: Ball 2-1: Foul Ball, location: 2F 2-2: Foul Ball, location: 2F 2-2: Strikes out swinging
|
| Top of the 9th over - 0 runs, 0 hits, 0 errors, 0 left on base; Beloit 5 - Lexington 4 |
| BOTTOM OF THE 9TH |
|
Lexington Legends batting - Pitching for Beloit Snappers : RHP Kyle Rasor
|
|
Pitching: LHP Cory Yeary
|
|
|
Batting: SHB Alex Cavazos
|
0-0: Called Strike 0-1: Ball 1-1: Fly out, F9 (Flyball, 89S, EV 85.6 MPH)
|
|
Batting: RHB Trevor Kingston
|
0-0: Swinging Strike 0-1: Swinging Strike 0-2: Foul Ball, location: 2F 0-2: Foul Ball, location: 2F 0-2: Ball 1-2: Strikes out swinging
|
|
Batting: RHB Adam Krieger
|
0-0: Ball 1-0: Called Strike 1-1: Ball 2-1: Foul Ball, location: 2F 2-2: Strikes out looking
|
| Bottom of the 9th over - 0 runs, 0 hits, 0 errors, 0 left on base; Beloit 5 - Lexington 4 |
|